 Dungeon Crawl Stone Soup version 0.26-a0-1038-gfb849e850a (webtiles) character file.

Game seed: 2251405725262896318

1327 Kraken2834 the Thaumaturge (level 8, -1/58 HPs)
             Began as a Mummy Necromancer on Dec 11, 2020.
             Was a Follower of Kikubaaqudgha.
             Slain by a white imp (3 damage)
             ... summoned by Eustachio
             ... on level 6 of the Dungeon.
             The game lasted 00:24:21 (5855 turns).

Kraken2834 the Thaumaturge (Mummy Necromancer)      Turns: 5855, Time: 00:24:22

Health: -1/58      AC:  5    Str: 15      XL:     8   Next: 34%
Magic:  0/30       EV: 12    Int: 16      God:    Kikubaaqudgha [*.....]
Gold:   381        SH:  0    Dex: 11 (16) Spells: 19/26 levels left

rFire    . . .     SeeInvis +   m - +0 flail (drain)
rCold    . . .     Faith    .   (no shield)
rNeg     + + +     Spirit   +   a - +0 robe
rPois    ∞         Reflect  .   g - +2 hat
rElec    .         Harm     .   (no cloak)
rCorr    .         Rampage  .   (no gloves)
Will     +....                  f - +0 pair of boots
Stlth    ++........             q - amulet of guardian spirit
HPRegen  0.19/turn              b - ring of magical power
MPRegen  0.22/turn              h - ring "Fyduegee" {Fire *Slow Str+3 Dex+4 SInv}

@: no status effects
A: no potions, fire vulnerability, cold resistance 1, negative energy resistance
3, torment resistance, unbreathing
a: Receive Corpses, Renounce Religion


You were on level 6 of the Dungeon.
You worshipped Kikubaaqudgha.
Kikubaaqudgha was aware of your devotion.
You visited 2 branches of the dungeon, and saw 7 of its levels.

You collected 381 gold pieces.

Inventory:

Hand Weapons
 c - a +1 short sword
 m - a +0 flail of draining (weapon)
Missiles
 e - a throwing net
Armour
 a - a +0 robe (worn)
 f - a +0 pair of boots (worn)
 g - a +2 hat (worn)
 l - a +2 cloak
 n - a scarf of invisibility
Jewellery
 b - a ring of magical power (left hand)
 h - the ring "Fyduegee" (right hand) {Fire *Slow Str+3 Dex+4 SInv}
   (You found it on level 4 of the Dungeon)

   [ring of fire]

   It enhances your fire magic.
   It affects your strength (+3).
   It affects your dexterity (+4).
   It protects you from fire.
   It makes you vulnerable to cold.
   It lets you see invisible.
   It may slow you when you take damage.
 i - an uncursed amulet of regeneration
 p - an uncursed amulet of reflection
 q - an amulet of guardian spirit (around neck)
Wands
 k - a wand of random effects (14)
 o - a wand of flame (20)
Scrolls
 d - a scroll of remove curse
 j - 2 scrolls of identify
 r - a scroll of enchant weapon


   Skills:
 * Level 3.4 Fighting
 - Level 1.5 Dodging
 - Level 1.5 Stealth
 * Level 9.8 Spellcasting
 + Level 6.5 Necromancy


You had 19 spell levels left.
You knew the following spells:

 Your Spells              Type           Power        Failure   Level
a - Pain                  Necr           ####         1%          1
b - Animate Dead          Necr           ####......   6%          4
c - Corpse Rot            Necr/Air       N/A          3%          2

Your spell library contained the following spells:

 Spells                   Type           Power        Failure   Level
 Animate Skeleton         Necr           ####..       1%          1
 Vampiric Draining        Necr           ####......   1%          3
 Agony                    Necr           ####....     17%         5


Dungeon Overview and Level Annotations

Branches:
Dungeon (6/15)             Temple (1/1) D:4

Altars:
Ashenzari
Dithmenos
Elyvilon
Fedhas
Gozag
Kikubaaqudgha
Nemelex Xobeh
Uskayaw
Xom
Yredelemnul
The Shining One

Annotations:
D:6 Eustachio


Innate Abilities, Weirdness & Mutations

You do not drink.
Your flesh is vulnerable to fire.
You are immune to poison.
Your flesh is cold resistant. (rC+)
You are immune to negative energy. (rN+++)
You are immune to unholy pain and torment.
You can survive without breathing.


Message History

You feel clumsy. The quasit closely misses you. Eustachio closely misses you.
The river rat bites you.
* * * LOW HITPOINT WARNING * * *
The quasit barely misses you. The quasit closely misses you.
The quasit claws you.
* * * LOW HITPOINT WARNING * * *
You feel clumsy. The bat hits you but does no damage.
The river rat barely misses you.
Okay, then.
You can't drink.
Aiming: Throw Flame
Press: ? - help, Shift-Dir - straight line, f/p - Eustachio
Aim: Eustachio, wielding a +0 rapier and wearing a +2 leather armour of cold resistance (almost dead, 44% to evade)
The puff of flame misses Eustachio.
The bat completely misses you.
Eustachio mumbles some strange words.
The quasit bites you but does no damage.
The quasit closely misses you. x2; The white imp hits you.
You die...
Kikubaaqudgha rasps: "You have failed me!
Welcome... oblivion!"

.. #...# .## #... ###..#
#... #..#.## #.# ###.#.
.... ..##...#.
#.####.....#.(.
.#########...####...#...
.......rr)##.# #......#
.......@5r##.## ##.##.)#
......5b@.##..###.......
.........b###.#.....#...
...>...5.........#.##..#
<.........###......##...
#....)....# #..#......#.
#.......... #>...####.#.
#)...............# #.#.
####.... #...


You could see Eustachio, a quasit (summoned), a crimson imp (summoned), 3 river
rats, a white imp (summoned) and 2 bats.

Vanquished Creatures
  Edmund (D:5)
  A sky beast (D:3)
  An ice beast (D:4)
  3 ogres
  A centaur (D:6)
  A bullfrog (D:6)
  2 scorpions
  A howler monkey (D:5)
  A bullfrog zombie (D:5)
  A hound (D:5)
  A jelly (D:6)
  2 orc priests
  2 orc wizards
  Terence (D:3)
  2 bullfrog simulacra (D:4)
  2 centaur simulacra (D:4)
  6 adders
  4 gnolls (D:3)
  3 worms
  The ghost of rlgrobin the Sneak, a weakling TeDe (D:4)
  A dart slug (D:3)
  An adder simulacrum (D:4)
  5 leopard geckos
  15 orcs
  A ball python (D:4)
  8 bats
  2 giant cockroaches
  7 hobgoblins
  A quokka (D:4)
  A ball python zombie (D:5)
  4 frilled lizards
  7 goblins
  11 kobolds
  2 rats
103 creatures vanquished.

Notes
Turn   | Place    | Note
-------+----------+-------------------------------------------
     0 | D:1      | Kraken2834 the Mummy Necromancer began the quest for the
                  | Orb.
     0 | D:1      | Reached XP level 1. HP: 13/13 MP: 4/4
   344 | D:1      | Reached XP level 2. HP: 14/20 MP: 5/5
   349 | D:1      | Reached skill level 3 in Spellcasting
  1137 | D:2      | Found a white marble altar of Elyvilon.
  1358 | D:2      | Reached XP level 3. HP: 22/25 MP: 7/7
  1516 | D:2      | Reached skill level 1 in Fighting
  1956 | D:2      | Reached skill level 4 in Spellcasting
  2054 | D:3      | Reached XP level 4. HP: 30/32 MP: 10/10
  2135 | D:3      | Noticed Terence
  2144 | D:3      | Killed Terence
  2230 | D:3      | Noticed a sky beast
  2244 | D:3      | Killed a sky beast
  2245 | D:3      | Reached skill level 5 in Spellcasting
  2245 | D:3      | Reached XP level 5. HP: 28/38 MP: 8/13
  2475 | D:3      | Reached skill level 5 in Necromancy
  3006 | D:3      | Reached skill level 6 in Spellcasting
  3476 | D:4      | Found a runed translucent gate.
  3476 | D:4      | Found a runed translucent gate.
  3476 | D:4      | Found a runed translucent gate.
  3480 | D:4      | Noticed an ogre
  3490 | D:4      | Killed an ogre
  3491 | D:4      | Reached XP level 6. HP: 27/44 MP: 15/15
  3560 | D:4      | Learned a level 4 spell: Animate Dead
  3766 | D:4      | Reached skill level 7 in Spellcasting
  3766 | D:4      | Reached XP level 7. HP: 24/51 MP: 17/17
  4022 | D:4      | Noticed rlgrobin's ghost (weakling TeDe)
  4057 | D:4      | Found a staircase to the Ecumenical Temple.
  4069 | Temple   | Entered the Ecumenical Temple
  4091 | Temple   | Became a worshipper of Kikubaaqudgha
  4593 | D:4      | Killed rlgrobin's ghost
  4666 | D:4      | Reached skill level 8 in Spellcasting
  4699 | D:4      | Got the ring "Fyduegee" {Fire}
  4700 | D:4      | Identified the ring "Fyduegee" {Fire *Slow Str+3 Dex+4
                  | SInv} (You found it on level 4 of the Dungeon)
  4738 | D:5      | Entered Level 5 of the Dungeon
  4738 | D:5      | Noticed Edmund
  4759 | D:5      | Killed Edmund
  5074 | D:5      | Reached skill level 9 in Spellcasting
  5074 | D:5      | Reached XP level 8. HP: 49/58 MP: 21/21
  5119 | D:5      | Found a glowing drain.
  5132 | D:5      | Reached * piety under Kikubaaqudgha
  5132 | D:5      | Identified Kikubaaqudgha's Incunabulum of Necromancy
                  | (Kikubaaqudgha gifted it to you on level 5 of the Dungeon)
  5132 | D:5      | Received a gift from Kikubaaqudgha
  5137 | D:5      | Learned a level 2 spell: Corpse Rot
  5561 | D:6      | Noticed a +0 dagger
  5561 | D:6      | Noticed a +0 dagger
  5562 | D:6      | Found a hide-covered altar of Uskayaw.
  5762 | D:6      | Noticed Eustachio
  5854 | D:6      | HP: 2/58 [quasit[Eustachio] (1)]
  5855 | D:6      | Slain by a white imp

Illustrated notes

Levels and vault maps discovered:
D:1:      dpeg_arrival_court, layout_basic
D:2:      layout_rooms, lemuel_crystal_altar, minmay_increasing_density
D:3:      layout_basic, chequers_decorated_corner, uniq_terence
D:4:      layout_basic, minmay_temple_entry_glassed_door, gammafunk_ghost_icy
D:5:      layout_rooms, cheibrodos_sewer_entry_bend, uniq_edmund
D:6:      layout_rooms, dancing_weapons_uskayaw, minmay_fountain_box,
          hangedman_abyss_or_decor_lesser_grid, kennysheep_path_1, st_stairs_11,
          uniq_eustachio, uniq_maggie
Temple:   eino_wide_crystal_templ

Skill      XL: |  1  2  3  4  5  6  7 |
---------------+----------------------+-----
Spellcasting   | 3 4 5 6 7 9 |  9.8
Fighting       | 1 2 3 |  3.4
Necromancy     | 5 6 |  6.5
Dodging        | |  1.5
Stealth        | |  1.5

Action                   |  1- 3 |  4- 6 |  7- 9 || total
-------------------------+-------+-------+-------++-------
Melee: Short sword       |     3 |       |    41 ||    44
       Unarmed           |     1 |       |       ||     1
       Flail             |       |       |    67 ||    67
 Cast: Pain              |    69 |   112 |   147 ||   328
       Animate Dead      |       |     1 |     4 ||     5
       Corpse Rot        |       |       |     1 ||     1
Invok: Receive Corpses   |       |       |     1 ||     1
Evoke: Wand              |       |       |     1 ||     1
  Use: Scroll            |       |     4 |     1 ||     5
Armor: Robe              |     8 |     5 |    85 ||    98
       Fire dragon scale |     1 |       |       ||     1
Dodge: Dodged            |    14 |    23 |   189 ||   226

Table legend: (Time is in decaauts)
 A = Elapsed time spent in this place.
 B = Non-inter-level travel time spent in this place.
 C = Inter-level travel time spent in this place.
 D = Time resting spent in this place.
 E = Time spent auto-exploring this place.
 F = Levels seen in this place.
 G = Mean time per level.
                   A        B        C        D        E       F      G
               +--------+--------+--------+--------+--------+-----+--------+
         Total |   5896 |   5783 |    113 |    495 |   4204 |   7 |  842.3 |
       Dungeon |   5859 |   5746 |    113 |    495 |   4204 |   6 |  976.5 |
        Temple |     36 |     36 |      0 |      0 |      0 |   1 |   36.0 |
               +--------+--------+--------+--------+--------+-----+--------+

Top non-repeatable levels by time:
     D:4: 1438 daAuts
     D:3: 1224 daAuts
     D:1: 1095 daAuts
     D:2: 944 daAuts
     D:5: 760 daAuts
     D:6: 395 daAuts
  Temple: 36 daAuts
